TOP OF THE 1ST |
Montreal Expos batting - Pitching for Seattle Mariners : RHP Bas Kooy
|
Pitching: RHP Bas Kooy
|
|
Batting: SHB Pete Barutha
|
0-0: Ball 1-0: SOLO HOME RUN (Flyball, 89XD, EV 97.5 MPH), Distance : 404 ft
|
Batting: RHB John Ham
|
0-0: Called Strike 0-1: Ball 1-1: Swinging Strike 1-2: Strikes out looking
|
Batting: RHB Mike Salmon
|
0-0: Ball 1-0: SINGLE (Flyball, 56D, EV 91.3 MPH)
|
Batting: RHB Hugo Bautista
|
0-0: Ball 1-0: Ball 2-0: Ball 3-0: Called Strike 3-1: Reached on error, E4 (Groundball, 4, EV 81.3 MPH) Mike Salmon to second
|
Batting: LHB Steve Anderson
|
0-0: Called Strike 0-1: Foul Ball, location: 2F 0-2: Foul Ball, location: 2F 0-2: SINGLE (Flyball, 5D, EV 99.4 MPH) Mike Salmon to third Hugo Bautista to second Throwing error, E7 Mike Salmon scores Hugo Bautista to third Steve Anderson to second
|
Batting: LHB Jimmy Buscemi
|
0-0: Called Strike 0-1: Foul Ball, location: 2F 0-2: Ball 1-2: Ball 2-2: Strikes out swinging
|
Batting: RHB Wen-hua Lei
|
0-0: Ball 1-0: Ball 2-0: Swinging Strike 2-1: SINGLE (Line Drive, 9S, EV 95.0 MPH) Hugo Bautista scores Steve Anderson to third Runner from 3rd tries for Home, SAFE, throw by RF to home Wen-hua Lei to second
|
Batting: SHB Hans Mikkelsen
|
0-0: Ball 1-0: Ground out 1-3 (Groundball, 34S, EV 70.0 MPH)
|
Top of the 1st over - 4 runs, 4 hits, 2 errors, 1 left on base; Montreal 4 - Seattle 0 |
BOTTOM OF THE 1ST |
Seattle Mariners batting - Pitching for Montreal Expos : RHP Jonathan Jackson
|
Pitching: RHP Jonathan Jackson
|
|
Batting: LHB Dae-ik Yoon
|
0-0: Ball 1-0: Ball 2-0: Ball 3-0: Base on Balls
|
Batting: LHB John Zumbo
|
0-0: Ball 1-0: Ball 2-0: Ball 3-0: Called Strike 3-1: Base on Balls Dae-ik Yoon to second
|
Batting: SHB Floyd-William Goof
|
0-0: Foul Ball, location: 2F 0-1: Ground out 5-3 (Groundball, 56S, EV 64.4 MPH) Dae-ik Yoon to third John Zumbo to second
|
Batting: SHB Tze-meng Gan
|
0-0: Ball 1-0: Called Strike 1-1: Ball 2-1: Swinging Strike 2-2: Ball 3-2: Strikes out swinging
|
Batting: LHB Bi-jun Chien
|
0-0: Fly out, F8 (Line Drive, 8RM, EV 91.9 MPH)
|
Bottom of the 1st over - 0 runs, 0 hits, 0 errors, 2 left on base; Montreal 4 - Seattle 0 |
TOP OF THE 2ND |
Montreal Expos batting - Pitching for Seattle Mariners : RHP Bas Kooy
|
Batting: RHB Nick Sharp
|
0-0: Ball 1-0: Called Strike 1-1: Ground out 6-3 (Groundball, 6, EV 81.9 MPH)
|
Batting: SHB Pete Barutha
|
0-0: Called Strike 0-1: Ball 1-1: Foul Ball, location: 2F 1-2: Ball 2-2: Ball 3-2: Foul Ball, location: 2F 3-2: Base on Balls
|
Batting: RHB John Ham
|
0-0: Ball 1-0: Called Strike 1-1: Swinging Strike 1-2: Fly out, F9 (Flyball, 9LS, EV 94.4 MPH)
|
Batting: RHB Mike Salmon
|
0-0: Ball Pete Barutha steals 2nd base (no throw) 1-0: Swinging Strike 1-1: Foul Ball, location: 2F 1-2: Strikes out swinging
|
Top of the 2nd over - 0 runs, 0 hits, 0 errors, 1 left on base; Montreal 4 - Seattle 0 |
BOTTOM OF THE 2ND |
Seattle Mariners batting - Pitching for Montreal Expos : RHP Jonathan Jackson
|
Batting: RHB Jose Vasquez
|
0-0: Called Strike 0-1: Foul Ball, location: 2F 0-2: Foul Ball, location: 2F 0-2: Ball 1-2: Ball 2-2: Foul Ball, location: 2F 2-2: Foul Ball, location: 2F 2-2: Ball 3-2: Base on Balls
|
Batting: RHB Steve Bartman Jr.
|
0-0: Ball 1-0: Ball 2-0: Ball Jose Vasquez steals 2nd base 3-0: Called Strike 3-1: Foul Ball, location: 2F 3-2: Foul Ball, location: 2F 3-2: Ground out 6-3 (Groundball, 6M, EV 95.6 MPH) Jose Vasquez to third
|
Batting: RHB Young-kwang Ohnn
|
0-0: Called Strike 0-1: Ball 1-1: Fly out, F7 (Flyball, 7S, EV 88.1 MPH)
|
Batting: RHB Corey Ottinger
|
0-0: Fly out, F8 (Flyball, 8LS, EV 88.1 MPH)
|
Bottom of the 2nd over - 0 runs, 0 hits, 0 errors, 1 left on base; Montreal 4 - Seattle 0 |
TOP OF THE 3RD |
Montreal Expos batting - Pitching for Seattle Mariners : RHP Bas Kooy
|
Batting: RHB Hugo Bautista
|
0-0: Called Strike 0-1: Foul Ball, location: 2F 0-2: Ball 1-2: Foul Ball, location: 2F 1-2: Strikes out swinging
|
Batting: LHB Steve Anderson
|
0-0: Called Strike 0-1: Foul Ball, location: 2F 0-2: Ball 1-2: Ball 2-2: Ball 3-2: Base on Balls
|
Batting: LHB Jimmy Buscemi
|
0-0: Ball 1-0: Ball 2-0: Ball 3-0: Called Strike 3-1: Base on Balls Steve Anderson to second
|
Batting: RHB Wen-hua Lei
|
0-0: Foul Ball, location: 2F 0-1: Foul Ball, location: 2F 0-2: Ball 1-2: Foul Ball, location: 2F 1-2: Strikes out looking
|
Batting: SHB Hans Mikkelsen
|
0-0: SINGLE (Groundball, 25, EV 60.6 MPH) (infield hit) Steve Anderson to third Jimmy Buscemi to second
|
Batting: RHB Nick Sharp
|
0-0: Ball 1-0: Swinging Strike 1-1: Ball 2-1: Ground out 5-3 (Groundball, 56, EV 103.1 MPH)
|
Top of the 3rd over - 0 runs, 1 hit, 0 errors, 3 left on base; Montreal 4 - Seattle 0 |
BOTTOM OF THE 3RD |
Seattle Mariners batting - Pitching for Montreal Expos : RHP Jonathan Jackson
|
Batting: LHB Dae-ik Yoon
|
0-0: Foul Ball, location: 2F 0-1: Called Strike 0-2: Foul Ball, location: 2F 0-2: Ball 1-2: Ball 2-2: Ball 3-2: Foul Ball, location: 2F 3-2: Ground out 3-1 (Groundball, 34S, EV 88.1 MPH)
|
Batting: LHB John Zumbo
|
0-0: Foul Ball, location: 2F 0-1: Swinging Strike 0-2: Strikes out swinging
|
Batting: SHB Floyd-William Goof
|
0-0: Ball 1-0: Foul Ball, location: 2F 1-1: Foul Ball, location: 2F 1-2: Strikes out swinging
|
Bottom of the 3rd over - 0 runs, 0 hits, 0 errors, 0 left on base; Montreal 4 - Seattle 0 |
TOP OF THE 4TH |
Montreal Expos batting - Pitching for Seattle Mariners : RHP Bas Kooy
|
Batting: SHB Pete Barutha
|
0-0: Ball 1-0: SINGLE (Line Drive, 7S, EV 93.1 MPH)
|
Batting: RHB John Ham
|
0-0: Ball 1-0: Ball 2-0: Ball 3-0: Called Strike 3-1: Fly out, F8 (Flyball, 89M, EV 88.8 MPH)
|
Batting: RHB Mike Salmon
|
0-0: Called Strike 0-1: Called Strike 0-2: Ball 1-2: Ball 2-2: SINGLE (Line Drive, 89M, EV 101.9 MPH) Pete Barutha to second
|
Batting: RHB Hugo Bautista
|
0-0: Called Strike Pete Barutha steals 3rd base Mike Salmon to second 0-1: Ball 1-1: Ball 2-1: Foul Ball, location: 2F 2-2: Foul Ball, location: 2F 2-2: Foul Ball, location: 2F 2-2: Strikes out swinging
|
Batting: LHB Steve Anderson
|
0-0: Ground out 6-3 (Groundball, 56, EV 86.9 MPH)
|
Top of the 4th over - 0 runs, 2 hits, 0 errors, 2 left on base; Montreal 4 - Seattle 0 |
BOTTOM OF THE 4TH |
Seattle Mariners batting - Pitching for Montreal Expos : RHP Jonathan Jackson
|
Batting: SHB Tze-meng Gan
|
0-0: Called Strike 0-1: Swinging Strike 0-2: Strikes out looking
|
Batting: LHB Bi-jun Chien
|
0-0: Ball 1-0: Foul Ball, location: 2F 1-1: Foul Ball, location: 2F 1-2: Ground out 6-3 (Groundball, 6, EV 80.0 MPH)
|
Batting: RHB Jose Vasquez
|
0-0: Ball 1-0: Ground out 6-3 (Groundball, 6, EV 84.4 MPH)
|
Bottom of the 4th over - 0 runs, 0 hits, 0 errors, 0 left on base; Montreal 4 - Seattle 0 |
TOP OF THE 5TH |
Montreal Expos batting - Pitching for Seattle Mariners : RHP Bas Kooy
|
Batting: LHB Jimmy Buscemi
|
0-0: Ball 1-0: Swinging Strike 1-1: Called Strike 1-2: Ball 2-2: Ball 3-2: Foul Ball, location: 2F 3-2: Ground out 2-3 (Groundball, 2L, EV 64.4 MPH)
|
Batting: RHB Wen-hua Lei
|
0-0: Called Strike 0-1: Foul Ball, location: 2F 0-2: Ball 1-2: Strikes out swinging
|
Batting: SHB Hans Mikkelsen
|
0-0: Ball 1-0: Ground out 4-3 (Groundball, 4, EV 79.4 MPH)
|
Top of the 5th over - 0 runs, 0 hits, 0 errors, 0 left on base; Montreal 4 - Seattle 0 |
BOTTOM OF THE 5TH |
Seattle Mariners batting - Pitching for Montreal Expos : RHP Jonathan Jackson
|
Batting: RHB Steve Bartman Jr.
|
0-0: Ball 1-0: Ball 2-0: Ball 3-0: Fly out, F8 (Flyball, 78M, EV 88.8 MPH)
|
Batting: RHB Young-kwang Ohnn
|
0-0: Ground out U3 (Groundball, 34, EV 110.0 MPH)
|
Batting: RHB Corey Ottinger
|
0-0: Foul Ball, location: 2F 0-1: Ball 1-1: Ball 2-1: Fly out, F7 (Line Drive, 7S, EV 90.6 MPH)
|
Bottom of the 5th over - 0 runs, 0 hits, 0 errors, 0 left on base; Montreal 4 - Seattle 0 |
TOP OF THE 6TH |
Montreal Expos batting - Pitching for Seattle Mariners : RHP Bas Kooy
|
Pitching: RHP Bo Chia
|
|
Batting: RHB Nick Sharp
|
0-0: Called Strike 0-1: Ball 1-1: Ball 2-1: SINGLE (Line Drive, 6MD, EV 110.6 MPH)
|
Batting: SHB Pete Barutha
|
0-0: Ball 1-0: Called Strike 1-1: Ball 2-1: Swinging Strike 2-2: Foul Ball, location: 2F 2-2: Foul Ball, location: 2F 2-2: Fly out, F7 (Flyball, 7S, EV 88.8 MPH)
|
Batting: RHB John Ham
|
0-0: Ball 1-0: Ball 2-0: Ball 3-0: Called Strike 3-1: Base on Balls Nick Sharp to second
|
Batting: RHB Mike Salmon
|
0-0: Grounds into double play, 6-4-3 (Groundball, 6D, EV 81.3 MPH)
|
Top of the 6th over - 0 runs, 1 hit, 0 errors, 1 left on base; Montreal 4 - Seattle 0 |
BOTTOM OF THE 6TH |
Seattle Mariners batting - Pitching for Montreal Expos : RHP Jonathan Jackson
|
Batting: LHB Dae-ik Yoon
|
0-0: Swinging Strike 0-1: Ball 1-1: Ball 2-1: Ball 3-1: Foul Ball, location: 2F 3-2: Base on Balls
|
Batting: LHB John Zumbo
|
0-0: Called Strike 0-1: Ball 1-1: Fly out, F9 (Line Drive, 89M, EV 96.3 MPH)
|
Batting: SHB Floyd-William Goof
|
0-0: Fielders Choice at 2nd, 6-4 (Groundball, 6S, EV 81.3 MPH)
|
Batting: SHB Tze-meng Gan
|
0-0: Called Strike 0-1: Called Strike 0-2: Ball 1-2: Foul Ball, location: 2F 1-2: Foul Ball, location: 2F 1-2: Ground out 4-3 (Groundball, 4D, EV 95.6 MPH)
|
Bottom of the 6th over - 0 runs, 0 hits, 0 errors, 1 left on base; Montreal 4 - Seattle 0 |
TOP OF THE 7TH |
Montreal Expos batting - Pitching for Seattle Mariners : RHP Bo Chia
|
Batting: RHB Hugo Bautista
|
0-0: Foul Ball, location: 2F 0-1: Ball 1-1: SINGLE (Line Drive, 7S, EV 103.8 MPH)
|
Batting: LHB Steve Anderson
|
0-0: DOUBLE (Line Drive, 5D, EV 95.0 MPH) Hugo Bautista to third
|
Batting: LHB Jimmy Buscemi
|
0-0: Called Strike 0-1: Fly out, F8 (Flyball, 8LXD, EV 81.3 MPH) Runner from 3rd tags up, SCORES, no throw by CF
|
Batting: RHB Wen-hua Lei
|
0-0: Foul Ball, location: 2F 0-1: Swinging Strike 0-2: Foul Ball, location: 2F 0-2: Foul Ball, location: 2F 0-2: Ball 1-2: Ball 2-2: Ball 3-2: Foul Ball, location: 2F 3-2: Strikes out swinging
|
Batting: SHB Hans Mikkelsen
|
0-0: Foul Ball, location: 2F 0-1: Foul Ball, location: 2F 0-2: Strikes out swinging
|
Top of the 7th over - 1 run, 2 hits, 0 errors, 1 left on base; Montreal 5 - Seattle 0 |
BOTTOM OF THE 7TH |
Seattle Mariners batting - Pitching for Montreal Expos : RHP Jonathan Jackson
|
Batting: LHB Bi-jun Chien
|
0-0: Ball 1-0: Ball 2-0: Called Strike 2-1: Foul Ball, location: 2F 2-2: Foul Ball, location: 2F 2-2: Strikes out looking
|
Batting: RHB Jose Vasquez
|
0-0: Ball 1-0: Ball 2-0: Foul Ball, location: 2F 2-1: Swinging Strike 2-2: Ball 3-2: SINGLE (Groundball, 6MD, EV 112.5 MPH)
|
Batting: RHB Steve Bartman Jr.
|
0-0: Ball Jose Vasquez steals 2nd base 1-0: Ball 2-0: Called Strike 2-1: Ball 3-1: SINGLE (Groundball, 6MD, EV 108.8 MPH) Jose Vasquez to third
|
Batting: RHB Young-kwang Ohnn
|
0-0: Called Strike Steve Bartman Jr. is caught stealing 2nd base 2-4 0-1: Ball 1-1: Fly out, F8 (Flyball, 8LS, EV 94.4 MPH)
|
Bottom of the 7th over - 0 runs, 2 hits, 0 errors, 1 left on base; Montreal 5 - Seattle 0 |
TOP OF THE 8TH |
Montreal Expos batting - Pitching for Seattle Mariners : RHP Bo Chia
|
Batting: RHB Nick Sharp
|
0-0: Ball 1-0: Ball 2-0: Foul Ball, location: 2F 2-1: Called Strike 2-2: Strikes out looking
|
Batting: SHB Pete Barutha
|
0-0: Fly out, F8 (Flyball, 8RM, EV 94.4 MPH)
|
Batting: RHB John Ham
|
0-0: Ground out 4-3 (Groundball, 4M, EV 102.5 MPH)
|
Top of the 8th over - 0 runs, 0 hits, 0 errors, 0 left on base; Montreal 5 - Seattle 0 |
BOTTOM OF THE 8TH |
Seattle Mariners batting - Pitching for Montreal Expos : RHP Jonathan Jackson
|
Batting: RHB Corey Ottinger
|
0-0: Swinging Strike 0-1: Fly out, F8 (Flyball, 8RD, EV 97.5 MPH)
|
Pitching: RHP Tyler Lybrand
|
|
Batting: LHB Dae-ik Yoon
|
0-0: Called Strike 0-1: Ground out 4-3 (Groundball, 34, EV 92.5 MPH)
|
Batting: LHB John Zumbo
|
0-0: Foul Ball, location: 2F 0-1: Ball 1-1: Ball 2-1: Foul Ball, location: 2F 2-2: Strikes out looking
|
Bottom of the 8th over - 0 runs, 0 hits, 0 errors, 0 left on base; Montreal 5 - Seattle 0 |
TOP OF THE 9TH |
Montreal Expos batting - Pitching for Seattle Mariners : RHP Bo Chia
|
Batting: RHB Mike Salmon
|
0-0: Ball 1-0: Called Strike 1-1: Foul Ball, location: 2F 1-2: Fly out, F6 (Popup, 6MD, EV 60.0 MPH)
|
Batting: RHB Hugo Bautista
|
0-0: Ball 1-0: SINGLE (Flyball, 34D, EV 97.5 MPH)
|
Batting: LHB Steve Anderson
|
0-0: Ball Hugo Bautista is caught stealing 2nd base 2-6 1-0: Ball 2-0: Foul Ball, location: 2F 2-1: Ground out 6-3 (Groundball, 6, EV 102.5 MPH)
|
Top of the 9th over - 0 runs, 1 hit, 0 errors, 0 left on base; Montreal 5 - Seattle 0 |
BOTTOM OF THE 9TH |
Seattle Mariners batting - Pitching for Montreal Expos : RHP Tyler Lybrand
|
Batting: SHB Floyd-William Goof
|
0-0: Ground out 6-3 (Groundball, 6, EV 86.3 MPH)
|
Batting: SHB Tze-meng Gan
|
0-0: Called Strike 0-1: Ball 1-1: Foul Ball, location: 2F 1-2: Foul Ball, location: 2F 1-2: Foul Ball, location: 2F 1-2: Foul Ball, location: 2F 1-2: Ball 2-2: Foul Ball, location: 2F 2-2: Ground out 6-3 (Groundball, 6, EV 93.8 MPH)
|
Batting: LHB Bi-jun Chien
|
0-0: Ball 1-0: Swinging Strike 1-1: Swinging Strike 1-2: Ball 2-2: Ground out 4-3 (Groundball, 4, EV 99.4 MPH)
|
Bottom of the 9th over - 0 runs, 0 hits, 0 errors, 0 left on base; Montreal 5 - Seattle 0 |
|